 Dungeon Crawl Stone Soup version 0.30-a0-168-g0b976cbdc4 (webtiles) character file.

Game seed: 9326105566122764613

12541 qw the Cleaver (level 11, -8/71 HPs)
             Began as a Gargoyle Fighter on Sept 29, 2022.
             Was a High Priest of Okawaru.
             Shot with an arrow by a centaur warrior (16 damage)
             ... on level 11 of the Dungeon.
             The game lasted 00:04:25 (12045 turns).

qw the Cleaver (Gargoyle Fighter)                  Turns: 12045, Time: 00:04:26

Health: -8/71      AC: 30    Str: 34    XL:     11   Next: 95%
Magic:  16/16      EV: 10    Int:  8    God:    Okawaru [*****.]
Gold:   267        SH:  6    Dex:  8    Spells: 10/10 levels left

rFire   . . .      SeeInvis .    Y - +3 war axe
rCold   + . .      Faith    .    c - +0 buckler
rNeg    + . .      Spirit   .    j - +0 plate armour
rPois   inf        Reflect  .    l - +2 helmet
rElec   +          Harm     .    (no cloak)
rCorr   .          Rampage  .    o - +2 pair of gloves
Will    .....                    (no boots)
Stlth   ..........               u - amulet of regeneration
HPRegen 1.01/turn                e - +6 ring of strength
MPRegen 0.15/turn                r - ring of protection from cold

@: about to teleport, heroic
A: sickness immunity, AC +8, negative energy resistance 1, electricity
resistance, torment resistance 1, petrification resistance, low MP 1, strong 1
a: Renounce Religion, Heroism, Finesse, Duel


You were on level 11 of the Dungeon.
You worshipped Okawaru.
Okawaru was extremely pleased with you.
You visited 2 branches of the dungeon, and saw 12 of its levels.

You collected 635 gold pieces.
You spent 368 gold pieces at shops.


Innate Abilities, Weirdness & Mutations

You are immune to sickness and miasma.
Your stone body is resilient. (AC +8)
You are immune to poison.
You resist negative energy. (rN+)
You are resistant to electric shocks. (rElec)
You are resistant to unholy torment.
You are immune to petrification.
Your magical capacity is low. (-10% MP)
Your muscles are strong. (Str +4, Int/Dex -1)


   Skills:
 - Level 9.0(14.0) Fighting
 + Level 11.6(16.6) Axes
 - Level 3.0(8.0) Throwing
 - Level 7.4(12.4) Armour
 - Level 1.9(6.9) Dodging
 - Level 5.0(10.0) Shields
 + Level 9.3 Invocations


You had 10 spell levels left.
You didn't know any spells.
Your spell library was empty.

Inventory:

Hand Weapons
 p - a +2 morningstar
 Y - a +3 war axe (weapon)
Missiles
 i - 7 boomerangs (quivered)
 q - 2 javelins
Armour
 c - a +0 buckler (worn)
 j - a +0 plate armour (worn)
 l - a +2 helmet (worn)
 o - a +2 pair of gloves (worn)
 s - a +0 pair of boots
Jewellery
 e - a +6 ring of strength (left hand)
 r - a ring of protection from cold (right hand)
 t - a ring of protection from cold
 u - an amulet of regeneration (around neck)
Scrolls
 a - 11 scrolls of identify
Potions
 b - a potion of degeneration {unknown}
 d - 4 potions of might
 f - a potion of heal wounds
 g - 3 potions of curing
 h - 3 potions of lignification
 m - 3 potions of mutation
 n - 2 potions of haste

Dungeon Overview and Level Annotations

Branches:
Dungeon (11/15)            Temple (1/1) D:4            Lair (0/5) D:11
    Orc: D:9-12

Altars:
Ashenzari
Cheibriados
Dithmenos
Elyvilon
Fedhas
Gozag
Hepliaklqana
Kikubaaqudgha
Makhleb
Nemelex Xobeh
Okawaru
Qazlal
Ru
Sif Muna
Trog
Uskayaw
Vehumet
Wu Jian
Xom
Yredelemnul
Zin
The Shining One

Shops:
D:3 (   D:7 *

Annotations:
D:4 1 runed translucent door, qw's ghost, amateur GrFi
D:11 2 transporters, Ereiziar's ghost, journeyman DsFi


Message History

The centaur warrior kicks you but does no damage.
Your base Throwing skill increases to level 3!
You hit the centaur warrior.
The centaur warrior is lightly wounded.
The centaur warrior shoots an arrow.
The arrow hits you! The centaur warrior hits you.
You block the centaur warrior's attack. You block the orc warrior's attack.
The orc warrior hits you but does no damage.
The deep elf archer points at you and mumbles some strange words.
You are confused.
12043 ||| DRINKING 5 potions of curing.
You feel better.
12043 ||| (to cure confusion)
The centaur warrior shoots an arrow.
The arrow hits you but does no damage.
The centaur warrior hits you but does no damage.
The centaur warrior kicks you but does no damage.
You block the orc warrior's attack.
The centaur warrior shoots an arrow.
The arrow hits you.
The orc warrior hits you from afar with a +0 glaive.
The deep elf archer casts a spell at you.
You are confused.
12044 ||| DRINKING 4 potions of curing.
You feel better.
12044 ||| (to cure confusion)
The orc warrior shouts!
The centaur warrior hits you but does no damage.
The centaur warrior kicks you but does no damage.
The centaur warrior shoots an arrow.
The arrow hits you but does no damage. The centaur warrior closely misses you.
The centaur warrior kicks you but does no damage.
The orc warrior closely misses you. x2; The deep elf archer shoots an arrow.
The arrow hits you!
12045 ||| READING scroll of teleportation.
As you read the scroll of teleportation, it crumbles to dust.
You feel strangely unstable.
The centaur warrior shoots an arrow.
The arrow hits you but does no damage.
The centaur warrior hits you but does no damage.
The centaur warrior kicks you but does no damage.
The orc warrior closely misses you.
The orc warrior hits you from afar with a +0 glaive.
The centaur warrior shoots an arrow.
The arrow hits you!
You die... #..# #........ #..# #. ..... .#) #........ #..# +.# #...# #.' #........ #..# #..##..o##.. #........ #..# #.......... #........ #..# #.....ooo. #........ #..# ...ooec

#........ #..# #oc)# #........
#..# ##.)@## #........ #..#
#.##.....##.# #........ #..#
#...........# #........ #..#
#+###8.8###+# #........ #..##
##'## ##........ #...# #...#
#.........
#.#.#######...#######.#.......
#........###)###..............
#.............................


You could see 2 centaur warriors, a deep elf archer (repels missiles) and 7 orc
warriors.

Vanquished Creatures
  A centaur warrior (D:11)
  3 two-headed ogres
  A cyclops (D:11)
  Joseph (D:8)
  An unseen horror (D:10)
  A kobold demonologist (D:10)
  3 trolls
  4 wraiths
  10 yaks
  A wyvern (D:10)
  A shadow (D:10)
  Grum (D:10)
  6 humans (D:7)
  A steam dragon (D:9)
  6 vampire mosquitoes
  A water moccasin (D:8)
  4 orc warriors
  A black bear (D:4)
  A sky beast (D:8)
  3 wolves (D:10)
  3 phantoms
  3 ogres
  3 centaurs
  A kobold brigand (D:6)
  2 bullfrogs (D:6)
  A necrophage (D:8)
  2 scorpions (D:5)
  11 wights
  5 killer bees (D:10)
  7 howler monkeys
  A crimson imp (D:11)
  3 hounds
  3 orc priests
  A jelly (D:7)
  3 gnoll boudas (D:9)
  Ijyb (D:4)
  3 iguanas
  Natasha (thrice) (D:2)
  11 orc wizards
  Robin (D:2)
  10 adders
  11 gnolls (D:9)
  A white imp (D:11)
  An ufetubus (D:4)
  2 dart slugs (D:1)
  30 orcs
  11 endoplasms
  6 giant cockroaches
  17 goblins
  14 hobgoblins
  3 jackals (D:2)
  6 kobolds
  6 quokkas
  5 ball pythons
  2 bats (D:2)
  2 frilled lizards
  4 rats
250 creatures vanquished.

Notes
Turn   | Place    | Note
-------+----------+-------------------------------------------
     0 | D:1      | qw the Gargoyle Fighter began the quest for the Orb.
     0 | D:1      | Reached XP level 1. HP: 14/14 MP: 1/1
     0 | D:1      | 0 ||| qw: Version: 0.2-a-12-gaebbb33
     0 | D:1      | 0 ||| qw: Game counter: 1225
     0 | D:1      | 0 ||| qw: Always use a shield: true
     0 | D:1      | 0 ||| qw: God list: Okawaru
     0 | D:1      | 0 ||| qw: Allow faded altars: false
     0 | D:1      | 0 ||| qw: Do Orc after D:15 true
     0 | D:1      | 0 ||| qw: Do second Lair branch before Depths: true
     0 | D:1      | 0 ||| qw: Lair rune preference: random
     0 | D:1      | 0 ||| qw: Plans: Normal, Zot:1-4, God:TSO, Crypt, Tomb,
                  | Pan, Slime:5, Hells, Abyss, Orb
     0 | D:1      | 0 ||| PLANNING D:1-11
   123 | D:1      | Reached skill level 2 in Axes
   245 | D:1      | Reached XP level 2. HP: 19/19 MP: 2/2
   905 | D:1      | Reached skill level 3 in Axes
  1172 | D:1      | Reached XP level 3. HP: 23/23 MP: 3/3
  1467 | D:1      | 1467 ||| UPGRADING to +6 ring of strength.
  1468 | D:1      | 1468 ||| READING scroll labelled MIWKA IPAEKK.
  1872 | D:2      | Noticed Natasha
  1879 | D:2      | Killed Natasha
  1880 | D:2      | Reached skill level 4 in Axes
  1880 | D:2      | Reached XP level 4. HP: 20/28 MP: 4/4
  1913 | D:2      | Noticed Natasha
  1914 | D:2      | 1914 ||| Stepping ~*~*~tactically~*~*~ (hiding).
  1928 | D:2      | Killed Natasha
  1938 | D:2      | Noticed Natasha
  1939 | D:2      | 1939 ||| Stepping ~*~*~tactically~*~*~ (hiding).
  1949 | D:2      | Killed Natasha
  1950 | D:2      | Reached XP level 5. HP: 12/32 MP: 5/5
  2152 | D:2      | 2152 ||| DROPPING +0 club.
  2185 | D:2      | 2185 ||| Stepping ~*~*~tactically~*~*~ (stealth).
  2196 | D:2      | Noticed Robin
  2212 | D:2      | Killed Robin
  2624 | D:2      | Reached skill level 5 in Axes
  2853 | D:2      | 2853 ||| UPGRADING to +0 helmet.
  2858 | D:2      | 2858 ||| READING scroll labelled SELEAR QETIDGH.
  2859 | D:2      | 2859 ||| READING scroll labelled IPOLIT ZAOQUS.
  2860 | D:2      | 2860 ||| DRINKING 3 clear potions.
  2879 | D:3      | You fall into a shaft and drop 1 floor!
  2894 | D:4      | Reached skill level 1 in Throwing
  2915 | D:4      | Noticed an ogre
  2919 | D:4      | HP: 3/32 [ogre/+0 giant club (29)]
  2920 | D:4      | 2920 ||| DRINKING 2 potions of heal wounds.
  2921 | D:4      | Killed an ogre
  2922 | D:4      | Reached skill level 1 in Dodging
  2922 | D:4      | Reached XP level 6. HP: 28/37 MP: 6/6
  3058 | D:4      | 3058 ||| Stepping ~*~*~tactically~*~*~ (hiding).
  3166 | D:4      | 3166 ||| DROPPING +0 whip.
  3170 | D:4      | 3170 ||| UPGRADING to +2 pair of gloves.
  3192 | D:3      | 3192 ||| Stepping ~*~*~tactically~*~*~ (stealth).
  3196 | D:3      | 3196 ||| Stepping ~*~*~tactically~*~*~ (stealth).
  3218 | D:3      | 3218 ||| DRINKING potion of curing.
  3218 | D:3      | 3218 ||| (to cure confusion)
  3321 | D:3      | Found a broken altar of Ashenzari.
  3331 | D:3      | 3331 ||| READING 2 scrolls labelled BOESHU FUSCHYQ.
  3362 | D:3      | Reached XP level 7. HP: 43/43 MP: 7/7
  3495 | D:3      | 3495 ||| Stepping ~*~*~tactically~*~*~ (stealth).
  3627 | D:3      | Found Pounow Giuxe's Antique Weapon Emporium.
  3630 | D:3      | 3630 ||| BUYING runed mace (150 gold).
  3630 | D:3      | Bought a runed mace for 150 gold pieces
  3630 | D:3      | 3630 ||| DROPPING +2 mace of holy wrath.
  3715 | D:3      | Found a faded altar of an unknown god.
  3826 | D:3      | 3826 ||| READING scroll labelled RINUNEAHID.
  3916 | D:4      | Found a staircase to the Ecumenical Temple.
  3917 | D:4      | 3917 ||| PLANNING TEMPLE
  3917 | D:4      | 3917 ||| DROPPING ring of magical power.
  3918 | D:4      | 3918 ||| READING scroll labelled PITUIMYVAPN.
  3924 | Temple   | Entered the Ecumenical Temple
  4063 | Temple   | 4063 ||| PLANNING OKAWARU WORSHIP
  4096 | Temple   | Became a worshipper of Warmaster Okawaru
  4097 | Temple   | 4097 ||| PLANNING D:1-11
  4145 | D:4      | Found a runed translucent door.
  4145 | D:4      | Noticed qw's ghost (amateur GrFi)
  4341 | D:4      | Reached skill level 6 in Axes
  4416 | D:4      | Noticed Ijyb
  4435 | D:4      | Killed Ijyb
  4656 | D:4      | 4656 ||| Stepping ~*~*~tactically~*~*~ (stealth).
  4799 | D:4      | 4799 ||| READING scroll labelled ULOTIX YFUKIRR.
  4800 | D:4      | 4800 ||| READING scroll labelled GETUM DOARR.
  4801 | D:4      | 4801 ||| READING scroll labelled NAISOURCH WANUPT.
  4802 | D:4      | 4802 ||| DRINKING 2 viscous silvery potions.
  4803 | D:4      | 4803 ||| DROPPING potion of invisibility.
  4821 | D:5      | Entered Level 5 of the Dungeon
  4905 | D:5      | 4905 ||| Stepping ~*~*~tactically~*~*~ (stealth).
  5136 | D:5      | HP: 10/43 [orc wizard/magic dart (5)]
  5137 | D:5      | 5137 ||| READING 2 scrolls of teleportation.
  5138 | D:5      | 5138 ||| DRINKING potion of curing.
  5138 | D:5      | 5138 ||| (to cure confusion)
  5139 | D:5      | Reached * piety under Okawaru
  5140 | D:5      | Reached skill level 7 in Axes
  5140 | D:5      | 5140 ||| INVOKING Heroism.
  5140 | D:5      | HP: 3/43 [something (2)]
  5141 | D:5      | 5141 ||| DRINKING potion of heal wounds.
  5243 | D:5      | 5243 ||| Invisible monster not found???
  5285 | D:5      | 5285 ||| INVOKING Heroism.
  5290 | D:5      | Reached skill level 1 in Invocations
  5290 | D:5      | Reached XP level 8. HP: 48/48 MP: 5/9
  5325 | D:5      | 5325 ||| Stepping ~*~*~tactically~*~*~ (hiding).
  5453 | D:5      | 5453 ||| INVOKING Heroism.
  5647 | D:5      | Reached skill level 3 in Invocations
  5809 | D:5      | 5809 ||| Stepping ~*~*~tactically~*~*~ (stealth).
  5810 | D:5      | 5810 ||| Stepping ~*~*~tactically~*~*~ (stealth).
  5827 | D:5      | 5827 ||| Stepping ~*~*~tactically~*~*~ (stealth).
  5978 | D:5      | 5978 ||| DRINKING 2 glowing inky potions.
  5978 | D:5      | Gained mutation: Your magical capacity is low. (-10% MP)
                  | [potion of mutation]
  5978 | D:5      | Gained mutation: Your muscles are strong. (Str +4, Int/Dex
                  | -1) [potion of mutation]
  5987 | D:6      | 5987 ||| INVOKING Heroism.
  6043 | D:6      | Found a glowing golden altar of the Shining One.
  6160 | D:6      | Reached ** piety under Okawaru
  6191 | D:6      | 6191 ||| INVOKING Heroism.
  6192 | D:6      | 6192 ||| Stepping ~*~*~tactically~*~*~ (hiding).
  6197 | D:6      | Reached skill level 8 in Axes
  6207 | D:6      | 6207 ||| INVOKING Heroism.
  6373 | D:6      | Reached skill level 6 in Fighting
  6375 | D:6      | Reached XP level 9. HP: 50/55 MP: 10/10
  6420 | D:6      | 6420 ||| READING scroll of enchant armour.
  6420 | D:6      | 6420 ||| ENCHANTING +0 helmet.
  6644 | D:6      | 6644 ||| UPGRADING to +0 chain mail.
  6654 | D:6      | 6654 ||| DROPPING +0 scale mail.
  6655 | D:6      | 6655 ||| READING scroll labelled UPAPREHEJO.
  6656 | D:6      | 6656 ||| DRINKING 2 sedimented puce potions.
  6712 | D:7      | 6712 ||| Stepping ~*~*~tactically~*~*~ (stealth).
  6716 | D:7      | 6716 ||| Stepping ~*~*~tactically~*~*~ (stealth).
  6722 | D:7      | 6722 ||| INVOKING Heroism.
  6730 | D:7      | 6730 ||| Stepping ~*~*~tactically~*~*~ (stealth).
  6741 | D:7      | 6741 ||| Stepping ~*~*~tactically~*~*~ (stealth).
  6779 | D:7      | 6779 ||| FLEEEEING.
  6780 | D:7      | 6780 ||| FLEEEEING.
  6785 | D:7      | 6785 ||| STAIRDANCE
  6886 | D:7      | Reached *** piety under Okawaru
  6887 | D:7      | Reached skill level 9 in Axes
  6888 | D:7      | 6888 ||| FLEEEEING.
  6889 | D:7      | 6889 ||| FLEEEEING.
  6890 | D:7      | 6890 ||| FLEEEEING.
  6895 | D:7      | 6895 ||| STAIRDANCE
  6968 | D:7      | 6968 ||| Stepping ~*~*~tactically~*~*~ (stealth).
  6969 | D:7      | 6969 ||| Stepping ~*~*~tactically~*~*~ (stealth).
  6970 | D:7      | 6970 ||| DROPPING +2 whip of electrocution.
  7030 | D:7      | 7030 ||| Stepping ~*~*~tactically~*~*~ (hiding).
  7074 | D:7      | Found Osaotitz's Assorted Antiques.
  7082 | D:7      | 7082 ||| BUYING 2 potions of lignification (168 gold).
  7082 | D:7      | Bought 2 potions of lignification for 168 gold pieces
  7082 | D:7      | 7082 ||| SHOPLISTING cloak (126 gold, have 55).
  7082 | D:7      | 7082 ||| BUYING grey potion (25 gold).
  7082 | D:7      | Bought a grey potion for 25 gold pieces
  7082 | D:7      | 7082 ||| SHOPLISTING potion of curing (84 gold, have 30).
  7082 | D:7      | 7082 ||| BUYING sedimented clear potion (25 gold).
  7082 | D:7      | Bought a sedimented clear potion for 25 gold pieces
  7082 | D:7      | 7082 ||| SHOPLISTING sedimented clear potion (25 gold, have
                  | 5).
  7082 | D:7      | 7082 ||| SHOPLISTING shiny moonstone ring (140 gold, have
                  | 5).
  7086 | D:7      | 7086 ||| INVOKING Heroism.
  7171 | D:7      | Received a gift from Okawaru
  7244 | D:7      | 7244 ||| READING scroll of enchant weapon.
  7244 | D:7      | 7244 ||| ENCHANTING +1 war axe.
  7491 | D:7      | Identified the +4 dagger of the Enfolding Scorpion {vorpal,
                  | Str+5}
  7531 | D:7      | Found a shadowy altar of Dithmenos.
  7574 | D:7      | 7574 ||| UPGRADING to ring of protection from cold.
  7575 | D:7      | 7575 ||| READING 3 scrolls labelled BES XOQOXE.
  7576 | D:7      | 7576 ||| DRINKING 3 grey potions.
  7577 | D:7      | 7577 ||| READING 2 scrolls of identify.
  7577 | D:7      | 7577 ||| IDENTIFYING silvery potion
  7578 | D:7      | 7578 ||| DROPPING potion of flight.
  7859 | D:8      | 7859 ||| Stepping ~*~*~tactically~*~*~ (hiding).
  7961 | D:8      | Noticed Joseph
  7962 | D:8      | 7962 ||| Stepping ~*~*~tactically~*~*~ (hiding).
  7976 | D:8      | Killed Joseph
  7977 | D:8      | Reached skill level 10 in Axes
  7977 | D:8      | Reached XP level 10. HP: 48/63 MP: 11/11
  8371 | D:8      | 8371 ||| READING scroll of enchant weapon.
  8371 | D:8      | 8371 ||| ENCHANTING +2 war axe.
  8427 | D:8      | 8427 ||| UPGRADING to +0 plate armour.
  8437 | D:8      | 8437 ||| DROPPING +0 chain mail.
  8438 | D:8      | 8438 ||| READING scroll labelled VULEORHAZUU.
  8439 | D:8      | 8439 ||| READING 4 scrolls of identify.
  8439 | D:8      | 8439 ||| IDENTIFYING sedimented clear potion
  8440 | D:8      | 8440 ||| DROPPING potion of brilliance.
  8484 | D:9      | 8484 ||| FLEEEEING.
  8485 | D:9      | 8485 ||| FLEEEEING.
  8486 | D:9      | 8486 ||| FLEEEEING.
  8487 | D:9      | 8487 ||| FLEEEEING.
  8488 | D:9      | 8488 ||| FLEEEEING.
  8492 | D:9      | 8492 ||| Stepping ~*~*~tactically~*~*~ (hiding).
  8494 | D:9      | 8494 ||| INVOKING Heroism.
  8571 | D:9      | Noticed a two-headed ogre
  8572 | D:9      | 8572 ||| INVOKING Heroism.
  8587 | D:9      | Killed a two-headed ogre
  8588 | D:9      | Reached skill level 6 in Armour
  8608 | D:9      | 8608 ||| Stepping ~*~*~tactically~*~*~ (stealth).
  8609 | D:9      | 8609 ||| Stepping ~*~*~tactically~*~*~ (hiding).
  8610 | D:9      | 8610 ||| Stepping ~*~*~tactically~*~*~ (hiding).
  8612 | D:9      | 8612 ||| INVOKING Heroism.
  8618 | D:9      | 8618 ||| Stepping ~*~*~tactically~*~*~ (stealth).
  8639 | D:9      | 8639 ||| Stepping ~*~*~tactically~*~*~ (stealth).
  8654 | D:9      | 8654 ||| Stepping ~*~*~tactically~*~*~ (stealth).
  8669 | D:9      | Reached **** piety under Okawaru
  8680 | D:9      | 8680 ||| INVOKING Heroism.
  8785 | D:9      | 8785 ||| INVOKING Heroism.
  8828 | D:9      | 8828 ||| DROPPING +0 flail.
  8903 | D:9      | 8903 ||| FLEEEEING.
  8904 | D:9      | 8904 ||| FLEEEEING.
  8905 | D:9      | 8905 ||| INVOKING Heroism.
  8920 | D:9      | HP: 8/64 [acid dragon/splash of acid (16)]
  8921 | D:9      | 8921 ||| READING 3 scrolls of teleportation.
  8922 | D:9      | 8922 ||| DRINKING 2 potions of heal wounds.
  9021 | D:9      | 9021 ||| INVOKING Heroism.
  9209 | D:9      | 9209 ||| INVOKING Heroism.
  9210 | D:9      | 9210 ||| READING scroll labelled IMPIGG JANAEM.
  9489 | D:9      | 9489 ||| Stepping ~*~*~tactically~*~*~ (hiding).
  9497 | D:9      | 9497 ||| INVOKING Heroism.
  9664 | D:10     | Entered Level 10 of the Dungeon
  9670 | D:10     | Noticed a kobold demonologist
  9677 | D:10     | 9677 ||| INVOKING Heroism.
  9682 | D:10     | Killed a kobold demonologist
  9764 | D:10     | Found a burning altar of Makhleb.
 10033 | D:10     | 10033 ||| INVOKING Heroism.
 10056 | D:10     | Reached XP level 11. HP: 44/68 MP: 13/13
 10062 | D:10     | Reached skill level 11 in Axes
 10062 | D:10     | Reached skill level 6 in Invocations
 10185 | D:10     | 10185 ||| Stepping ~*~*~tactically~*~*~ (stealth).
 10233 | D:10     | Noticed Grum
 10233 | D:10     | 10233 ||| Stepping ~*~*~tactically~*~*~ (stealth).
 10234 | D:10     | 10234 ||| Stepping ~*~*~tactically~*~*~ (stealth).
 10236 | D:10     | 10236 ||| Stepping ~*~*~tactically~*~*~ (hiding).
 10252 | D:10     | 10252 ||| INVOKING Heroism.
 10266 | D:10     | Killed Grum
 10466 | D:10     | Noticed a two-headed ogre
 10467 | D:10     | 10467 ||| INVOKING Heroism.
 10476 | D:10     | Killed a two-headed ogre
 10476 | D:10     | Reached ***** piety under Okawaru
 10481 | D:10     | Reached skill level 9 in Fighting
 10571 | D:10     | 10571 ||| FLEEEEING.
 10597 | D:10     | 10597 ||| FLEEEEING.
 11062 | D:10     | Found a basalt altar of Yredelemnul.
 11110 | D:10     | 11110 ||| UPGRADING to +2 helmet.
 11120 | D:10     | 11120 ||| DROPPING +1 helmet.
 11121 | D:10     | 11121 ||| DROPPING amulet of magic regeneration.
 11122 | D:10     | 11122 ||| DROPPING amulet of faith.
 11123 | D:10     | 11123 ||| UPGRADING to amulet of regeneration.
 11288 | D:11     | Found an iron altar of Okawaru.
 11288 | D:11     | Noticed an orc knight
 11334 | D:11     | Noticed a deep elf archer
 11335 | D:11     | 11335 ||| INVOKING Heroism.
 11343 | D:11     | 11343 ||| DRINKING 6 potions of curing.
 11343 | D:11     | 11343 ||| (to cure confusion)
 11362 | D:11     | HP: 14/71 [deep elf archer/+0 dagger (7)]
 11363 | D:11     | 11363 ||| READING 2 scrolls of teleportation.
 11364 | D:11     | 11364 ||| DRINKING potion of heal wounds.
 11366 | D:11     | 11366 ||| DRINKING 5 potions of curing.
 11366 | D:11     | 11366 ||| (to cure confusion)
 11491 | D:11     | Noticed a stone giant
 11494 | D:11     | Noticed Ereiziar's ghost (journeyman DsFi)
 11495 | D:11     | Found a transporter.
 11522 | D:11     | 11522 ||| Stepping ~*~*~tactically~*~*~ (stealth).
 11524 | D:11     | Noticed a cyclops
 11525 | D:11     | 11525 ||| Stepping ~*~*~tactically~*~*~ (stealth).
 11529 | D:11     | 11529 ||| INVOKING Heroism.
 11548 | D:11     | Killed a cyclops
 11571 | D:11     | Found a transporter.
 11571 | D:11     | Noticed a cyclops
 11579 | D:11     | Noticed a cyclops
 11631 | D:11     | 11631 ||| Stepping ~*~*~tactically~*~*~ (stealth).
 11641 | D:11     | Received a gift from Okawaru
 11644 | D:11     | Found a staircase to the Lair.
 11687 | D:11     | Noticed a two-headed ogre
 11688 | D:11     | 11688 ||| INVOKING Heroism.
 11696 | D:11     | Killed a two-headed ogre
 11726 | D:11     | Received a gift from Okawaru
 11906 | D:11     | 11906 ||| Stepping ~*~*~tactically~*~*~ (stealth).
 11913 | D:11     | Reached skill level 9 in Invocations
 12029 | D:11     | Noticed a centaur warrior
 12030 | D:11     | 12030 ||| INVOKING Heroism.
 12032 | D:11     | Noticed a deep elf archer
 12032 | D:11     | Noticed a centaur warrior
 12032 | D:11     | Noticed a centaur warrior
 12037 | D:11     | Identified the +8 quarterstaff "Isufyicosu" {elec, rN+
                  | Int-5 Dex+6}
 12041 | D:11     | Killed a centaur warrior
 12042 | D:11     | Reached skill level 3 in Throwing
 12042 | D:11     | HP: 13/71 [centaur warrior/arrow (9)]
 12043 | D:11     | 12043 ||| DRINKING 5 potions of curing.
 12043 | D:11     | 12043 ||| (to cure confusion)
 12044 | D:11     | 12044 ||| DRINKING 4 potions of curing.
 12044 | D:11     | 12044 ||| (to cure confusion)
 12045 | D:11     | 12045 ||| READING scroll of teleportation.
 12045 | D:11     | Shot with an arrow by a centaur warrior

Levels and vault maps discovered:
D:1:      lightli_arrival_quake, layout_basic
D:2:      layout_loops_ring, minmay_circle_x, uniq_natasha, uniq_robin
D:3:      wander_river, layout_basic, amcnicky_altar_gilded,
          basic_ecumenical_altar, serial_shops, nicolae_shop_behind_doors
D:4:      layout_basic, temple_statues, ebering_ghost_inner_flame,
          minmay_between, uniq_ijyb
D:5:      layout_loops_ring, minmay_a_box_with_orc_wizards_in_it
D:6:      layout_cave_pools, old_standard_altar
D:7:      layout_basic, lemuel_round_altar, serial_shops, shop_fountains,
          minmay_ruffians
D:8:      layout_gridville, uniq_joseph
D:9:      layout_roguey
D:10:     kennysheep_spiral_hall, layout_loops_ring, bloody_makhleb,
          mainiacjoe_overflow_paths, uniq_grum
D:11:     evilmike_iron_armoury, layout_irregular_city, lair_entry_dummy,
          gammafunk_ghost_arena, minmay_fire_ice_demons
Temple:   bh_familiar_temple

Skill      XL: |  1  2  3  4  5  6  7  8  9 10 11 |
---------------+----------------------------------+-----
Axes           | 2 3 4 5 7 8 10 11 | 11.6
Throwing       | 1 3 |  3.0
Dodging        | 1 |  1.9
Fighting       | 4 6 7 8 9 |  9.0
Invocations    | 1 4 5 9 |  9.3
Armour         | 5 7 |  7.4
Shields        | 4 5 |  5.0

Action                   |  1- 3 |  4- 6 |  7- 9 | 10-12 || total
-------------------------+-------+-------+-------+-------++-------
Melee: War axe           |    95 |   117 |   333 |   302 ||   847
       Unarmed           |       |       |     4 |       ||     4
Throw: Boomerang         |       |    29 |    92 |    44 ||   165
       Javelin           |       |       |       |     3 ||     3
Invok: Heroism           |       |       |     8 |    17 ||    25
  Use: Scroll            |     1 |     3 |    11 |     7 ||    22
       Potion            |       |     3 |     6 |     6 ||    15
Armor: Scale mail        |    39 |    47 |   123 |       ||   209
       Chain mail        |       |       |    68 |     1 ||    69
       Plate armour      |       |       |       |   266 ||   266
Dodge: Dodged            |    50 |    64 |   136 |   154 ||   404
Block: Buckler           |    10 |    20 |    71 |    86 ||   187

Table legend:
 A = Non-vault XP
 B = Vault XP
 C = Vault XP percentage of total XP
 D = Non-vault monster count
 E = Vault monster count
 F = Vault count percentage of total count
                 A         B        C        D         E       F
            +---------+---------+-------+---------+---------+-------
      Total |   13386 |    4530 |  25.3 |     202 |      48 |  19.2
            +---------+---------+-------+---------+---------+-------
        D:1 |      35 |       0 |   0.0 |      17 |       0 |   0.0
        D:2 |     134 |      90 |  40.2 |      23 |      17 |  42.5
        D:3 |      89 |       0 |   0.0 |      21 |       0 |   0.0
        D:4 |     481 |      55 |  10.3 |      17 |       5 |  22.7
        D:5 |     586 |     173 |  22.8 |      19 |       5 |  20.8
        D:6 |     812 |       0 |   0.0 |      19 |       0 |   0.0
        D:7 |     442 |    1162 |  72.4 |      13 |       6 |  31.6
        D:8 |     577 |     466 |  44.7 |       9 |       1 |  10.0
        D:9 |    2457 |       0 |   0.0 |      26 |       0 |   0.0
       D:10 |    4265 |    1300 |  23.4 |      23 |       8 |  25.8
       D:11 |    3508 |    1284 |  26.8 |      15 |       6 |  28.6
            +---------+---------+-------+---------+---------+-------
